General information
- name: BNet
- type: Ladder team game (AT/RT)
- host: Battle.net
- saver: WeaponLord
map: MarketSquare
- players: 8
- length: 41:41
- speed: Fast
- version: 1.28 W3XP
- replay type: Public
» download(366 KB)
Players
team 1 (winner)
CarryMeMore (
orange | 32 APM | 918 actions | 28:20)
3 Death Knight
2 Death Coil
1 Unholy Aura
5 Crypt Lord
2 Carrion Beetles
3 Spiked Carapace
2 Dreadlord
1 Vampiric Aura
1 Carrion Swarm
» actions
| Build / train | 62 | |
| Enter build submenu | 27 | |
| Enter hero's abilities submenu | 10 | |
| Remove unit from queue | 1 | |
| Right click | 443 | |
| Select / deselect | 317 | |
| Use ability | 58 | |
918 total
» units
| Acolyte | 9 | |
| Ghoul | 4 | |
| Crypt Fiend | 4 | |
| Forest Troll High Priest | 1 | |
| Kobold Geomancer | 1 | |
| Assassin | 1 | |
| Frost Wyrm | 5 | |
| Obsidian Statue | 2 | |
27 total
» upgrades
| Creature Attack | 2 | |
| Creature Carapace | 2 | |
| Web | 1 | |
| Destroyer Form | 1 | |
| Freezing Breath | 1 | |
7 total
» buildings
| Ziggurat | 12 | |
| Graveyard | 1 | |
| Crypt | 1 | |
| Altar of Darkness | 1 | |
| Tomb of Relics | 2 | |
| Nerubian Tower | 2 | |
| Halls of the Dead | 1 | |
| Necropolis | 1 | |
| Spirit Tower | 4 | |
| Black Citadel | 1 | |
| Sacrificial Pit | 1 | |
| Boneyard | 2 | |
| Slaughterhouse | 2 | |
31 total
» build order
00:47 Ziggurat
00:53 Graveyard
00:57 Crypt
01:02 Altar of Darkness
01:15 Ziggurat
01:40 Tomb of Relics
01:42 Nerubian Tower
03:38 Ziggurat
04:51 Halls of the Dead
05:13 Ziggurat
05:31 Ziggurat
06:07 Necropolis
06:24 Nerubian Tower
06:25 Spirit Tower
07:01 Ziggurat
08:21 Spirit Tower
09:02 Black Citadel
09:07 Ziggurat
09:11 Tomb of Relics
10:07 Sacrificial Pit
10:31 Spirit Tower
10:35 Ziggurat
11:27 Boneyard
11:29 Boneyard
12:03 Spirit Tower
12:06 Ziggurat
16:19 Slaughterhouse
16:32 Slaughterhouse
21:23 Ziggurat
21:25 Ziggurat
21:28 Ziggurat
» items
| Rod of Necromancy | 1 | |
| Dust of Appearance | 1 | |
| Sacrificial Skull | 1 | |
| Potion of Lesser Invulnerability | 1 | |
| Scroll of Town Portal | 1 | |
| Potion of Healing | 1 | |
6 total
carrymeplzz (
purple | 36 APM | 1064 actions | 29:36)
5 Crypt Lord
1 Carrion Beetles
3 Spiked Carapace
1 Impale
2 Death Knight
1 Death Coil
1 Death Pact
» actions
| Assign group hotkey | 31 | |
| Build / train | 89 | |
| Enter build submenu | 24 | |
| Enter hero's abilities submenu | 7 | |
| Give item / drop item | 4 | |
| Remove unit from queue | 7 | |
| Right click | 326 | |
| Select / deselect | 266 | |
| Select group hotkey | 252 | |
| Use ability | 58 | |
1064 total
» units
| Acolyte | 12 | |
| Ghoul | 4 | |
| Crypt Fiend | 12 | |
| Obsidian Statue | 6 | |
| Frost Wyrm | 9 | |
43 total
» upgrades
| Creature Attack | 3 | |
| Web | 1 | |
| Creature Carapace | 3 | |
| Destroyer Form | 1 | |
8 total
» buildings
| Graveyard | 1 | |
| Crypt | 1 | |
| Ziggurat | 13 | |
| Altar of Darkness | 1 | |
| Tomb of Relics | 1 | |
| Nerubian Tower | 3 | |
| Halls of the Dead | 1 | |
| Necropolis | 1 | |
| Black Citadel | 1 | |
| Slaughterhouse | 1 | |
| Sacrificial Pit | 1 | |
| Spirit Tower | 6 | |
| Boneyard | 2 | |
33 total
» build order
00:15 Graveyard
00:22 Crypt
00:40 Ziggurat
01:08 Altar of Darkness
01:51 Ziggurat
02:06 Tomb of Relics
02:53 Nerubian Tower
04:52 Halls of the Dead
05:50 Necropolis
06:10 Ziggurat
07:43 Ziggurat
07:46 Ziggurat
07:51 Ziggurat
07:53 Ziggurat
07:58 Black Citadel
08:37 Slaughterhouse
08:41 Sacrificial Pit
08:48 Nerubian Tower
08:50 Spirit Tower
08:51 Spirit Tower
11:36 Boneyard
11:40 Boneyard
15:54 Ziggurat
15:56 Ziggurat
15:58 Ziggurat
16:03 Ziggurat
16:52 Ziggurat
16:56 Ziggurat
19:26 Nerubian Tower
19:28 Spirit Tower
19:30 Spirit Tower
19:32 Spirit Tower
19:34 Spirit Tower
» items
| Rod of Necromancy | 1 | |
| Potion of Healing | 4 | |
| Orb of Corruption | 2 | |
| Scroll of Town Portal | 3 | |
10 total
WeaponLord (
green | 57 APM | 2362 actions | 41:41)
9 Blademaster
3 Wind Walk
3 Critical Strike
1 Bladestorm
2 Mirror Image
» actions
| Assign group hotkey | 23 | |
| Basic commands | 25 | |
| Build / train | 88 | |
| Enter build submenu | 74 | |
| Enter hero's abilities submenu | 9 | |
| Give item / drop item | 5 | |
| Remove unit from queue | 1 | |
| Right click | 1320 | |
| Select / deselect | 415 | |
| Select group hotkey | 202 | |
| Use ability | 200 | |
2362 total
» units
| Peon | 22 | |
| Grunt | 4 | |
| Demolisher | 6 | |
| Troll Batrider | 9 | |
41 total
» upgrades
| Reinforced Defenses | 1 | |
| Spiked Barricades | 1 | |
| Ranged Weapons | 3 | |
| Armor | 4 | |
| Troll Regeneration | 1 | |
| Burning Oil | 1 | |
11 total
» buildings
| Orc Burrow | 5 | |
| Altar of Storms | 1 | |
| Barracks | 3 | |
| Voodoo Lounge | 3 | |
| Stronghold | 1 | |
| War Mill | 2 | |
| Great Hall | 3 | |
| Fortress | 1 | |
| Watch Tower | 51 | |
| Beastiary | 3 | |
73 total
» build order
00:12 Orc Burrow
00:43 Orc Burrow
01:16 Altar of Storms
01:17 Barracks
02:03 Voodoo Lounge
02:50 Stronghold
04:08 War Mill
04:12 Orc Burrow
05:13 Great Hall
06:52 Fortress
07:45 Watch Tower
07:45 Watch Tower
07:45 Watch Tower
07:45 Watch Tower
08:43 Watch Tower
08:44 Watch Tower
08:45 Watch Tower
08:46 Watch Tower
08:49 Watch Tower
08:49 Watch Tower
08:50 Watch Tower
08:51 Watch Tower
09:07 Watch Tower
09:08 Watch Tower
09:09 Watch Tower
11:37 Watch Tower
11:38 Watch Tower
11:39 Watch Tower
11:40 Watch Tower
13:57 Watch Tower
13:58 Watch Tower
14:01 Watch Tower
14:03 Watch Tower
14:03 Watch Tower
15:04 Watch Tower
15:05 Watch Tower
15:08 Watch Tower
15:10 Watch Tower
16:26 Watch Tower
16:27 Watch Tower
16:27 Watch Tower
16:28 Watch Tower
16:28 Watch Tower
17:18 Great Hall
17:20 Watch Tower
17:22 Watch Tower
17:24 Watch Tower
17:26 Watch Tower
17:34 Voodoo Lounge
17:49 Watch Tower
17:51 Watch Tower
17:55 Watch Tower
17:55 Watch Tower
17:58 Watch Tower
18:00 Watch Tower
18:02 Voodoo Lounge
20:41 Barracks
20:41 Barracks
20:51 War Mill
21:46 Beastiary
21:48 Beastiary
21:50 Beastiary
22:44 Orc Burrow
22:46 Orc Burrow
28:29 Great Hall
30:42 Watch Tower
30:43 Watch Tower
30:43 Watch Tower
30:45 Watch Tower
31:59 Watch Tower
31:59 Watch Tower
31:59 Watch Tower
32:01 Watch Tower
» items
| Healing Salve | 1 | |
| Staff of Teleportation | 1 | |
| Periapt of Vitality | 3 | |
| Potion of Lesser Invulnerability | 2 | |
| Orb of Lightning | 2 | |
| Potion of Healing | 4 | |
| Potion of Mana | 3 | |
| Lesser Clarity Potion | 1 | |
| Scroll of Town Portal | 6 | |
23 total
atyab123 (
yellow | 29 APM | 765 actions | 26:26)
3 Demon Hunter
2 Immolation
1 Evasion
4 Keeper of the Grove
1 Force of Nature
3 Entangling Roots
» actions
| Build / train | 89 | |
| Enter build submenu | 18 | |
| Enter hero's abilities submenu | 6 | |
| Give item / drop item | 1 | |
| Remove unit from queue | 1 | |
| Right click | 216 | |
| Select / deselect | 397 | |
| Use ability | 37 | |
765 total
» units
| Wisp | 11 | |
| Archer | 40 | |
| Huntress | 1 | |
| Dryad | 10 | |
| Druid of the Claw | 5 | |
67 total
» upgrades
| Strength of the Moon | 1 | |
| Abolish Magic | 1 | |
| Strength of the Wild | 1 | |
| Moon Armor | 1 | |
| Druid of the Claw Training | 1 | |
| Reinforced Hides | 1 | |
6 total
» buildings
| Ancient of War | 2 | |
| Altar of Elders | 1 | |
| Moon Well | 6 | |
| Hunter's Hall | 1 | |
| Tree of Ages | 1 | |
| Ancient of Wonders | 1 | |
| Ancient of Lore | 2 | |
14 total
» build order
00:11 Ancient of War
00:16 Altar of Elders
00:42 Moon Well
02:06 Moon Well
02:55 Hunter's Hall
03:10 Ancient of War
03:56 Tree of Ages
04:17 Moon Well
04:42 Ancient of Wonders
06:47 Ancient of Lore
07:06 Moon Well
07:53 Ancient of Lore
08:03 Moon Well
10:53 Moon Well
» items
team 2 (loser)
KoReA4TeHwiN (
red | 80 APM | 3343 actions | 41:39)
7 Tauren Chieftain
3 Endurance Aura
3 War Stomp
1 Reincarnation
6 Shadow Hunter
3 Healing Wave
2 Hex
1 Big Bad Voodoo
» actions
| Assign group hotkey | 336 | |
| Basic commands | 35 | |
| Build / train | 87 | |
| Enter build submenu | 18 | |
| Enter hero's abilities submenu | 13 | |
| Give item / drop item | 1 | |
| Remove unit from queue | 2 | |
| Right click | 1120 | |
| Select / deselect | 371 | |
| Select group hotkey | 1218 | |
| Use ability | 142 | |
3343 total
» units
| Peon | 12 | |
| Troll Headhunter/Berserker | 23 | |
| Troll Witch Doctor | 11 | |
| Shaman | 6 | |
52 total
» upgrades
| Ranged Weapons | 3 | |
| Armor | 3 | |
| Troll Regeneration | 1 | |
| Berserker Upgrade | 1 | |
| Witch Doctor Training | 2 | |
| Shaman Training | 2 | |
12 total
» buildings
| Barracks | 2 | |
| War Mill | 1 | |
| Orc Burrow | 9 | |
| Altar of Storms | 1 | |
| Voodoo Lounge | 1 | |
| Stronghold | 1 | |
| Fortress | 1 | |
| Watch Tower | 2 | |
| Spirit Lodge | 2 | |
20 total
» build order
01:06 Barracks
01:09 War Mill
01:15 Orc Burrow
01:22 Altar of Storms
01:40 Orc Burrow
02:46 Barracks
02:53 Voodoo Lounge
03:25 Orc Burrow
05:09 Stronghold
06:18 Orc Burrow
07:33 Fortress
07:53 Orc Burrow
09:40 Orc Burrow
10:22 Watch Tower
10:23 Watch Tower
12:12 Spirit Lodge
12:13 Spirit Lodge
15:36 Orc Burrow
23:15 Orc Burrow
23:15 Orc Burrow
» items
| Healing Salve | 1 | |
| Scroll of Speed | 1 | |
| Periapt of Vitality | 1 | |
| Scroll of Town Portal | 1 | |
4 total

»
FilthyMexican (
blue | 47 APM | 1666 actions | 35:29)
9 Shadow Hunter
3 Healing Wave
3 Hex
1 Big Bad Voodoo
2 Serpent Ward
» actions
| Assign group hotkey | 22 | |
| Basic commands | 242 | |
| Build / train | 90 | |
| ESC pressed | 2 | |
| Enter build submenu | 30 | |
| Enter hero's abilities submenu | 10 | |
| Give item / drop item | 3 | |
| Remove unit from queue | 1 | |
| Right click | 416 | |
| Select / deselect | 496 | |
| Select group hotkey | 173 | |
| Use ability | 180 | |
1666 total
» units
| Peon | 14 | |
| Grunt | 11 | |
| Assassin | 1 | |
| Forest Troll High Priest | 2 | |
| Wind Rider | 4 | |
| Demolisher | 3 | |
| Raider | 3 | |
38 total
» upgrades
| Melee Weapons | 2 | |
| Armor | 3 | |
| Pillage | 1 | |
| Berserker Strength | 1 | |
| Envenomed Spears | 1 | |
| Reinforced Defenses | 1 | |
| Burning Oil | 1 | |
| Ranged Weapons | 2 | |
| Ensnare | 1 | |
13 total
» buildings
| Orc Burrow | 6 | |
| Altar of Storms | 1 | |
| Barracks | 2 | |
| Voodoo Lounge | 1 | |
| War Mill | 1 | |
| Stronghold | 1 | |
| Fortress | 1 | |
| Beastiary | 3 | |
| Great Hall | 1 | |
| Watch Tower | 12 | |
29 total
» build order
00:18 Orc Burrow
00:49 Altar of Storms
00:51 Barracks
01:24 Orc Burrow
02:09 Voodoo Lounge
02:27 Orc Burrow
02:43 War Mill
03:21 Orc Burrow
06:19 Stronghold
08:30 Orc Burrow
11:34 Fortress
12:13 Beastiary
13:45 Beastiary
13:47 Beastiary
16:15 Orc Burrow
20:23 Great Hall
21:18 Barracks
22:05 Watch Tower
22:07 Watch Tower
22:08 Watch Tower
22:44 Watch Tower
25:22 Watch Tower
29:41 Watch Tower
29:43 Watch Tower
29:45 Watch Tower
30:22 Watch Tower
34:31 Watch Tower
34:32 Watch Tower
34:33 Watch Tower
» items
| Lesser Clarity Potion | 12 | |
| Healing Salve | 3 | |
| Scroll of Speed | 1 | |
| Circlet of Nobility | 1 | |
| Orb of Lightning | 1 | |
| Potion of Mana | 1 | |
| Scroll of Town Portal | 2 | |
| Potion of Healing | 1 | |
| Potion of Lesser Invulnerability | 1 | |
23 total
FallLikeRain (
pink | 100 APM | 4146 actions | 41:39)
7 Archmage
3 Summon Water Elemental
3 Brilliance Aura
1 Mass Teleport
6 Mountain King
3 Storm Bolt
2 Bash
1 Avatar
» actions
| Assign group hotkey | 137 | |
| Basic commands | 349 | |
| Build / train | 166 | |
| ESC pressed | 8 | |
| Enter build submenu | 56 | |
| Enter hero's abilities submenu | 13 | |
| Give item / drop item | 6 | |
| Remove unit from queue | 1 | |
| Right click | 1182 | |
| Select / deselect | 573 | |
| Select group hotkey | 1380 | |
| Use ability | 275 | |
4146 total
» units
| Peasant | 19 | |
| Footman | 4 | |
| Rifleman | 8 | |
| Sorceress | 5 | |
| Priest | 4 | |
| Gryphon Rider | 3 | |
| Dragonhawk Rider | 2 | |
| Spell Breaker | 1 | |
46 total
» upgrades
| Gunpowder | 3 | |
| Masonry | 3 | |
| Armor | 3 | |
| Lumber Harvesting | 2 | |
| Long Rifles | 1 | |
| Sorceress Training | 2 | |
| Priest Training | 2 | |
| Plating | 3 | |
| Swords | 3 | |
| Animal War Training | 1 | |
| Storm Hammers | 1 | |
| Cloud | 1 | |
25 total
» buildings
| Altar of Kings | 1 | |
| Barracks | 1 | |
| Farm | 12 | |
| Arcane Vault | 1 | |
| Blacksmith | 1 | |
| Lumber Mill | 1 | |
| Town Hall | 2 | |
| Scout Tower | 27 | |
| Keep | 1 | |
| Arcane Tower | 3 | |
| Guard Tower | 43 | |
| Castle | 3 | |
| Arcane Sanctum | 2 | |
| Gryphon Aviary | 4 | |
102 total
» build order
01:06 Altar of Kings
01:08 Barracks
01:14 Farm
01:17 Farm
01:25 Farm
01:53 Arcane Vault
02:00 Farm
02:25 Blacksmith
03:29 Lumber Mill
04:21 Town Hall
04:23 Scout Tower
05:17 Keep
06:13 Arcane Tower
06:14 Arcane Tower
06:14 Arcane Tower
06:15 Scout Tower
06:18 Scout Tower
06:19 Scout Tower
06:26 Scout Tower
06:28 Scout Tower
06:42 Farm
06:48 Guard Tower
06:48 Guard Tower
06:50 Guard Tower
06:58 Guard Tower
06:58 Guard Tower
07:08 Guard Tower
07:08 Guard Tower
07:55 Castle
07:55 Castle
07:55 Castle
07:58 Scout Tower
08:31 Guard Tower
08:31 Guard Tower
11:13 Arcane Sanctum
11:14 Arcane Sanctum
12:24 Scout Tower
12:25 Scout Tower
12:26 Scout Tower
12:52 Town Hall
12:53 Scout Tower
12:54 Guard Tower
12:54 Guard Tower
12:56 Guard Tower
12:56 Guard Tower
13:05 Guard Tower
13:06 Guard Tower
15:21 Scout Tower
15:22 Scout Tower
15:28 Guard Tower
15:28 Guard Tower
15:28 Guard Tower
15:51 Guard Tower
15:51 Guard Tower
15:55 Guard Tower
15:55 Guard Tower
16:09 Scout Tower
16:11 Scout Tower
16:39 Guard Tower
16:39 Guard Tower
16:54 Scout Tower
16:56 Scout Tower
17:29 Scout Tower
17:30 Scout Tower
17:31 Scout Tower
17:37 Scout Tower
17:42 Guard Tower
17:43 Guard Tower
17:46 Farm
18:07 Guard Tower
18:07 Guard Tower
18:08 Guard Tower
18:09 Guard Tower
18:09 Guard Tower
18:09 Guard Tower
18:10 Guard Tower
21:26 Gryphon Aviary
21:27 Gryphon Aviary
26:21 Farm
26:38 Farm
26:39 Farm
28:40 Gryphon Aviary
28:44 Gryphon Aviary
28:51 Scout Tower
28:52 Scout Tower
28:54 Scout Tower
29:15 Farm
29:21 Guard Tower
29:21 Guard Tower
29:22 Guard Tower
29:22 Guard Tower
29:22 Guard Tower
30:03 Guard Tower
30:03 Guard Tower
33:40 Farm
33:41 Farm
33:43 Scout Tower
33:46 Scout Tower
33:50 Scout Tower
34:20 Guard Tower
36:25 Guard Tower
36:26 Guard Tower
» items
| Scroll of Regeneration | 7 | |
| Boots of Speed | 2 | |
| Periapt of Vitality | 1 | |
| Scroll of Town Portal | 3 | |
| Staff of Sanctuary | 1 | |
| Orb of Lightning | 2 | |
| Healing Salve | 1 | |
| Potion of Healing | 1 | |
| Staff of Teleportation | 2 | |
20 total
DEAD-TO-RIGHTS (
teal | 49 APM | 2062 actions | 41:39)
8 Blademaster
3 Wind Walk
3 Critical Strike
1 Bladestorm
1 Mirror Image
» actions
| Assign group hotkey | 40 | |
| Basic commands | 93 | |
| Build / train | 66 | |
| Enter build submenu | 27 | |
| Enter hero's abilities submenu | 8 | |
| Give item / drop item | 4 | |
| Right click | 931 | |
| Select / deselect | 260 | |
| Select group hotkey | 540 | |
| Use ability | 93 | |
2062 total
» units
| Peon | 20 | |
| Grunt | 4 | |
| Wind Rider | 11 | |
| Raider | 1 | |
36 total
» upgrades
| Reinforced Defenses | 1 | |
| Ranged Weapons | 3 | |
| Armor | 2 | |
| Envenomed Spears | 1 | |
| Ensnare | 1 | |
| Liquid Fire | 1 | |
9 total
» buildings
| Altar of Storms | 1 | |
| Orc Burrow | 6 | |
| Barracks | 1 | |
| Voodoo Lounge | 1 | |
| Stronghold | 2 | |
| War Mill | 4 | |
| Great Hall | 2 | |
| Watch Tower | 17 | |
| Fortress | 1 | |
| Beastiary | 3 | |
38 total
» build order
00:07 Altar of Storms
00:16 Orc Burrow
00:39 Barracks
01:30 Orc Burrow
02:04 Voodoo Lounge
03:03 Stronghold
03:03 Stronghold
03:44 War Mill
04:28 Great Hall
05:24 Orc Burrow
05:45 Watch Tower
05:46 Watch Tower
06:14 Fortress
06:40 Beastiary
07:03 Watch Tower
07:27 Watch Tower
08:09 Watch Tower
09:23 Beastiary
09:51 Watch Tower
10:49 Watch Tower
10:59 War Mill
11:03 War Mill
11:07 War Mill
12:03 Watch Tower
12:03 Watch Tower
12:04 Watch Tower
12:05 Watch Tower
12:06 Watch Tower
12:07 Watch Tower
17:23 Beastiary
17:30 Orc Burrow
17:31 Orc Burrow
17:32 Orc Burrow
17:36 Watch Tower
18:04 Watch Tower
18:26 Watch Tower
21:35 Great Hall
23:22 Watch Tower
» items
| Healing Salve | 3 | |
| Staff of Teleportation | 1 | |
| Potion of Lesser Invulnerability | 1 | |
| Orb of Lightning | 1 | |
| Scroll of Town Portal | 2 | |
8 total
Chat log
(00:08 / Allies) CarryMeMore: feed me
(00:13 / Allies) CarryMeMore: to victory and glory
(00:31 / All) FilthyMexican: Its a good map. Gotta waste it on trolling right? thats the bnet rule
(02:28 / All) WeaponLord: LOOK HERE! LOOK LISTEN!!!
(02:51 / All) DEAD-TO-RIGHTS: already level 2 nabs
(02:58 / All) CarryMeMore: no hero yet
(03:06 / All) DEAD-TO-RIGHTS: exp tome imba
(10:14 / Allies) atyab123: gold?? Please?
(11:27 / All) DEAD-TO-RIGHTS: we havent seen ur guys units one time yet
(11:39 / All) FilthyMexican: Expose your units
(11:41 / All) CarryMeMore: we kidna shy
(17:04 / Allies) CarryMeMore: wood
(18:12 / Allies) CarryMeMore: b
(18:13 / Allies) CarryMeMore: b
(18:13 / Allies) CarryMeMore: b
(18:14 / Allies) CarryMeMore: b
(18:14 / Allies) CarryMeMore: b
(18:15 / Allies) CarryMeMore: b
(18:15 / Allies) CarryMeMore: b
(18:16 / Allies) CarryMeMore: b
(18:16 / Allies) CarryMeMore: b
(18:17 / Allies) CarryMeMore: b
(18:20 / Allies) CarryMeMore: back noob
(18:21 / Allies) CarryMeMore: wow
(18:29 / Allies) CarryMeMore: leave game
(18:30 / Allies) CarryMeMore: retard
(19:56 / All) DEAD-TO-RIGHTS: noob UD
(19:57 / Allies) CarryMeMore: fucking yellow
(20:04 / All) CarryMeMore: only yellow actually
(20:33 / Allies) CarryMeMore: stop sending units noob
(20:36 / Allies) CarryMeMore: fuckign retard
(20:52 / Allies) CarryMeMore: fucking green no units
(20:58 / Allies) WeaponLord: getting catapults
(21:01 / Allies) CarryMeMore: wow
(21:07 / Allies) WeaponLord: for all the hh
(21:16 / Allies) CarryMeMore: 6k gold
(21:19 / Allies) CarryMeMore: amazing noob
(22:14 / Allies) WeaponLord: and bats
(22:21 / Allies) CarryMeMore: TP
(22:22 / Allies) CarryMeMore: WTF
(22:25 / Allies) CarryMeMore: IDIOTS
(22:37 / Allies) CarryMeMore: NICE
(22:39 / Allies) CarryMeMore: REALLY
(22:45 / Allies) CarryMeMore: BUCH OF RETARDS
(23:09 / Allies) CarryMeMore: WHO CAN YOU NOOBS BE THAT STUPID
(23:14 / Allies) CarryMeMore: FUCKING GREEN AND YELLOW
(23:37 / Allies) CarryMeMore: GREEN 10K GOLD
(23:37 / Allies) CarryMeMore: LOL
(23:44 / Allies) CarryMeMore: WHAT A NOOB
(24:00 / Allies) CarryMeMore: AND NO WOOD
(24:03 / Allies) CarryMeMore: TOTAL RETARD
(24:38 / Allies) CarryMeMore: GET BACK IDIOT
(24:42 / Allies) CarryMeMore: LOL
(24:45 / Allies) CarryMeMore: HAHAHAHAH
(25:19 / All) CarryMeMore: gg
(25:23 / All) CarryMeMore: green and yellow total trash
(25:50 / All) CarryMeMore: green 10k gold
(25:52 / All) CarryMeMore: no units
(25:55 / All) DEAD-TO-RIGHTS: i got 13k
(25:58 / All) DEAD-TO-RIGHTS: laol
(26:00 / All) CarryMeMore: u have units
(26:00 / All) DEAD-TO-RIGHTS: no units too
(26:06 / All) DEAD-TO-RIGHTS: orange quit being a baby i got 14k
(26:13 / All) CarryMeMore: lol u dont
(26:15 / All) DEAD-TO-RIGHTS: ask my teamamtes how much gold
(26:17 / All) CarryMeMore: fucking retard shit
(26:21 / All) CarryMeMore: got carried
(26:26 / All) FallLikeRain: I have 18k gold oj
(26:27 / All) DEAD-TO-RIGHTS: pink has 20 k LOL
(26:31 / All) FallLikeRain: you think his is impressive?
(26:32 / All) DEAD-TO-RIGHTS: ROFL
(26:33 / All) FallLikeRain: look at mine pal
(26:41 / All) DEAD-TO-RIGHTS: OJ BLAMIG GREEN when we have like 40k combined
(26:44 / All) CarryMeMore: thats not the point u fucking brainless shits
(26:45 / All) DEAD-TO-RIGHTS: lmao
(26:50 / All) FallLikeRain: I've not gone over 50 food this game oj
(26:51 / All) CarryMeMore: u had units
(26:56 / All) DEAD-TO-RIGHTS: i havent gone over 50 food either
(27:08 / All) DEAD-TO-RIGHTS: greens ur best playe rtoo
(27:16 / All) CarryMeMore: sure
(27:24 / All) DEAD-TO-RIGHTS: his base wont die mark my words
(27:24 / All) WeaponLord: double hex so gay lawl
(27:24 / All) CarryMeMore: that masss towers really disturb you
(27:26 / All) CarryMeMore: lol
(27:35 / All) CarryMeMore: so what
(27:39 / All) CarryMeMore: lol
(27:42 / All) CarryMeMore: now i SEE
(27:46 / All) DEAD-TO-RIGHTS: this guy is whining about green having 12k gold when me and pink have 20k each lol
(27:48 / All) CarryMeMore: Bunch of retards
(27:59 / All) CarryMeMore: hey teal
(28:01 / Allies) WeaponLord: lumber
(28:02 / All) CarryMeMore: 1 v 1
(28:15 / All) CarryMeMore: quiet
(28:16 / All) CarryMeMore: lol
(28:17 / All) CarryMeMore: noob
(28:18 / All) DEAD-TO-RIGHTS: sure on one condition, you have to stay in the game
(31:55 / All) DEAD-TO-RIGHTS: U MADE FUN OF MY MOTHER
(31:57 / All) DEAD-TO-RIGHTS: DIE
(32:09 / All) DEAD-TO-RIGHTS: redk tk
(33:16 / All) DEAD-TO-RIGHTS: die purple
(34:52 / All) DEAD-TO-RIGHTS: not sure why blue is tking
(34:55 / All) DEAD-TO-RIGHTS: blue and red both
(34:56 / All) FallLikeRain: me neither
(35:02 / All) WeaponLord: How did Horus'aman die
(35:02 / All) KoReA4TeHwiN: you and pink tk lol
(35:08 / All) FallLikeRain: just report red and blue
(36:04 / All) FallLikeRain: Red, you want to lose the long way or the easy way?
(36:06 / All) FallLikeRain: leave now you get a tie
(36:08 / All) FallLikeRain: stay you get a loss
(36:15 / All) KoReA4TeHwiN: gonna afk and fap
(36:26 / All) KoReA4TeHwiN: takes an hour to find a game anyways\
(37:19 / All) WeaponLord: double hex was mad gay
(37:45 / All) DEAD-TO-RIGHTS: we had to deal with 2 wyrmbots too
(37:59 / All) WeaponLord: that's easier, just spam bats
(38:14 / All) WeaponLord: vs your team I would have had to tryhard myself
(38:16 / All) DEAD-TO-RIGHTS: wanted to preserve my gold
(38:24 / All) WeaponLord: and get 2 extra heroes
(38:25 / All) DEAD-TO-RIGHTS: neer went above 50
(38:29 / All) FallLikeRain: this game was too easy
(38:46 / All) DEAD-TO-RIGHTS: pink= rod?
(38:47 / All) WeaponLord: only my team expanded lawl
(38:51 / All) WeaponLord: yeh
(39:03 / All) WeaponLord: I got shitty tome of poewr
(39:07 / All) WeaponLord: instead of something good like mask
(39:13 / All) WeaponLord: I crept to 5 anyway
(39:19 / All) WeaponLord: it only got me slightly above 5
(39:26 / All) FallLikeRain: I had 2 periapts of vitality drop
(39:28 / All) FallLikeRain: from golems
(39:34 / All) FallLikeRain: almost anything else is better than boots or periapts
(39:44 / All) WeaponLord: only good drop I got was ring of +5
(39:48 / All) FallLikeRain: and then I got a dagger of escape from corner
(39:50 / All) DEAD-TO-RIGHTS: not sure y red blue ddint expo
(41:01 / All) WeaponLord: I would have had more fun as human this game tbh
(41:23 / All) FallLikeRain: last building
(41:30 / All) FallLikeRain: anything to say for yourself red?
(41:34 / All) WeaponLord: yellow level 4 lol
(41:38 / All) WeaponLord: *guffaws*